 Dungeon Crawl Stone Soup version 0.27-a0-379-g34d631faf5 (webtiles) character file.

Game seed: 14273208605456929702

13 CryoSword the Insei (level 2, -3/22 HPs)
             Began as a Demigod Transmuter on Feb 17, 2021.
             Slain by a gnoll
             ... wielding a +0 spear
              (8 damage)
             ... on level 1 of the Dungeon.
             The game lasted 00:00:40 (428 turns).

CryoSword the Insei (Demigod Transmuter)             Turns: 428, Time: 00:00:40

Health: -3/22      AC:  2    Str: 11    XL:     2   Next: 12%
Magic:  6/7        EV: 12    Int: 15    God:
Gold:   0          SH:  0    Dex: 14    Spells: 3/4 levels left

rFire    . . .     SeeInvis .     - Unarmed
rCold    . . .     Faith    .   (no shield)
rNeg     . . .     Spirit   .   a - +0 robe
rPois    .         Reflect  .   (helmet currently unavailable)
rElec    .         Harm     .   (no cloak)
rCorr    .         Rampage  .   (no gloves)
Will     .....                  (boots currently unavailable)
Stlth    +.........             (no amulet)
HPRegen  0.07/turn              (no ring)
MPRegen  0.10/turn              (no ring)

@: appendages (expiring)
A: horns 2, talons 2, high mp 1
a: End Transformation


You were on level 1 of the Dungeon.
You had grown temporary horns.
You had grown temporary talons.
You visited 1 branch of the dungeon, and saw 1 of its levels.

Inventory:

Armour
 a - a +0 robe (worn)
Scrolls
 b - 2 scrolls of identify {unknown}
 c - a scroll of amnesia {unknown}
 d - a scroll of enchant armour {unknown}


   Skills:
 - Level 0.8 Fighting
 - Level 1.7 Dodging
 + Level 2.9 Unarmed Combat
 - Level 1.7 Spellcasting
 * Level 2.4 Transmutations


You had 3 spell levels left.
You knew the following spells:

 Your Spells              Type           Power        Failure   Level
a - Beastly Appendage     Tmut           16%          9%          1

Your spell library contained the following spells:

 Spells                   Type           Power        Failure   Level
 Wereblood                Tmut           8%           13%         2
 Spider Form              Tmut/Pois      2%           38%         3
 Ice Form                 Ice/Tmut       4%           80%         4
 Blade Hands              Tmut           4%           93%         5


Dungeon Overview and Level Annotations

Branches:
Dungeon (1/15)


Innate Abilities, Weirdness & Mutations

You have an increased reservoir of magic. (+10% MP)
You have a pair of horns on your head.
You have razor-sharp toenails.


Message History

No target in view!
You see here a leather armour.
Found a stone staircase leading down.
There is a stone staircase leading down here.
A bat comes into view.
A bat is nearby!
You grow a pair of large bovine horns.
Your feet morph into talons.
Your transformation is almost over.
The helpless bat fails to defend itself.
You hit the bat. You claw the bat.
You kill the bat!
No target in view!
No target in view!
Your horns disappear.
Your talons disappear.
Could not explore, unopened door.
Could not explore, unopened door.
You open the door.
A kobold comes into view. It is wielding a +0 dagger.
A kobold is nearby!
A kobold is nearby!
A kobold is nearby!
There is an open door here.
You grow a pair of large bovine horns.
Your feet morph into talons.
The kobold shouts!
The kobold closely misses you.
You barely miss the kobold. You claw the kobold.
You kill the kobold!
Your Transmutations skill increases to level 2!
No target in view!
No target in view!
A leopard gecko comes into view.
A leopard gecko is nearby!
A leopard gecko is nearby!
Things that are here:
a +0 dagger; a kobold corpse The leopard gecko completely misses you.
You closely miss the leopard gecko.
Your transformation is almost over.
The leopard gecko bites you.
You hit the leopard gecko. Your headbutt misses the leopard gecko.
The leopard gecko completely misses you.
You hit the leopard gecko. You claw the leopard gecko.
You kill the leopard gecko!
No target in view!
No target in view!
No target in view!
Your horns disappear.
Your talons disappear.
A rat comes into view.
A rat is nearby!
A rat is nearby!
You grow a pair of large bovine horns.
Your feet morph into talons.
Your transformation is almost over.
You hit the rat.
You kill the rat!
No target in view!
No target in view!
Your horns disappear.
Your talons disappear.
Found 32 stones.
You see here a rat corpse.
Found 25 sling bullets.
You see here 32 stones.
b - 2 scrolls labelled LOSSITZ GIPS
Found a scale mail.
You see here a scale mail.
A frilled lizard comes into view.
The frilled lizard hisses angrily.
A frilled lizard is nearby!
A frilled lizard is nearby!
You grow a pair of large bovine horns.
Your feet morph into talons.
The frilled lizard barely misses you.
You hit the frilled lizard.
You kill the frilled lizard!
No target in view!
No target in view!
Your transformation is almost over.
Your horns disappear.
Your talons disappear.
c - a scroll labelled TAOGACOGINT
d - a scroll labelled QUKKUTEONA
There is a stone staircase leading down here.
A goblin comes into view. It is wielding a +0 club.
A goblin is nearby!
A goblin is nearby!
A goblin is nearby!
You grow a pair of large bovine horns.
Your feet morph into talons.
You hit the goblin.
You kill the goblin!
No target in view!
No target in view!
Your transformation is almost over.
You see here a +0 club.
Your horns disappear.
Your talons disappear.
A leopard gecko comes into view.
The leopard gecko hisses angrily.
A giant cockroach comes into view.
There are monsters nearby!
There are monsters nearby!
You grow a pair of large bovine horns.
Your feet morph into talons.
The leopard gecko bites you.
You hit the leopard gecko but do no damage.
The leopard gecko bites you.
You are too injured to fight recklessly!
You are too injured to fight recklessly!
You are too injured to fight recklessly!
The leopard gecko misses you.
Your transformation is almost over.
You hit the leopard gecko.
You kill the leopard gecko!
You have reached level 2!
The giant cockroach completely misses you.
The giant cockroach bites you but does no damage.
You see here a leopard gecko corpse.
You closely miss the giant cockroach. You claw the giant cockroach.
The giant cockroach bites you but does no damage.
You hit the giant cockroach. You claw the giant cockroach.
You kill the giant cockroach!
You see here a giant cockroach corpse.
You start resting.
Your horns disappear.
Your talons disappear.
You start resting.
You start resting.
A bat comes into view.
A bat is nearby!
A bat is nearby!
You grow a pair of large bovine horns.
Your feet morph into talons.
No target in view!
No target in view!
The bat closely misses you.
A bat is nearby!
You hit the bat.
You kill the bat!
No target in view!
No target in view!
Your transformation is almost over.
A gnoll comes into view. It is wielding a +0 spear.
A gnoll is nearby!
A gnoll is nearby!
You extend your transformation's duration.
The gnoll misses you.
Your transformation is almost over.
The gnoll hits you with a +0 spear!
You are too injured to fight recklessly!
You are too injured to fight recklessly!
You are too injured to fight recklessly!
You hit the gnoll. The gnoll closely misses you.
You closely miss the gnoll. Your kick misses the gnoll.
Your headbutt misses the gnoll. The gnoll hits you with a +0 spear!
* * * LOW HITPOINT WARNING * * *
You hit the gnoll. Your kick misses the gnoll. You headbutt the gnoll.
The gnoll hits you with a +0 spear!
You die...

########## #........#
#........# #........#
#........# #........#
#..g.....# #..@.....#
#........# +........#
#........# ##.#######
#..#
.#####.################
.........††..).......>..
..#####..############.##


You could see a gnoll.

Vanquished Creatures
  2 leopard geckos (D:1)
  A giant cockroach (D:1)
  2 goblins (D:1)
  A kobold (D:1)
  2 bats (D:1)
  A frilled lizard (D:1)
  A rat (D:1)
10 creatures vanquished.

Notes
Turn   | Place    | Note
-------+----------+-------------------------------------------
     0 | D:1      | CryoSword the Demigod Transmuter began the quest for the
                  | Orb.
     0 | D:1      | Reached XP level 1. HP: 15/15 MP: 5/5
   286 | D:1      | Reached XP level 2. HP: 13/22 MP: 5/7
   428 | D:1      | Slain by a gnoll

Illustrated notes

Levels and vault maps discovered:
D:1:      lemuel_arrival_room, layout_basic, serial_curves, eino_curves_01,
          eino_curves_03

Skill      XL: |  1 |
---------------+----+-----
Transmutations | 2 |  2.4
Fighting       | |  0.8
Dodging        | |  1.7
Unarmed Combat | |  2.9
Spellcasting   | |  1.7

Action                   || total
-------------------------++-------
Melee: Unarmed           ||    17
       Kick              ||     5
       Headbutt          ||     1
 Cast: Beastly Appendage ||     8
 Stab: Sleeping          ||     1
Armor: Robe              ||     2
Dodge: Dodged            ||     9

Table legend: (Time is in decaauts)
 A = Elapsed time spent in this place.
 B = Non-inter-level travel time spent in this place.
 C = Inter-level travel time spent in this place.
 D = Time resting spent in this place.
 E = Time spent auto-exploring this place.
 F = Levels seen in this place.
 G = Mean time per level.
                   A        B        C        D        E       F      G
               +--------+--------+--------+--------+--------+-----+--------+
         Total |    427 |    427 |      0 |    117 |    245 |   1 |  427.0 |
       Dungeon |    427 |    427 |      0 |    117 |    245 |   1 |  427.0 |
               +--------+--------+--------+--------+--------+-----+--------+

Top non-repeatable levels by time:
     D:1: 427 daAuts
